 Dungeon Crawl Stone Soup version 0.19-a0-1365-gb34f4cb (webtiles) character file.

1241 Amnesiac the Merchant of Misery (level 8, -1/41 HPs)
             Began as a Deep Elf Necromancer on Sept 3, 2016.
             Was a Believer of Kikubaaqudgha.
             Slain by a phantom (8 damage)
             ... on level 6 of the Dungeon.
             The game lasted 00:13:17 (6020 turns).

Amnesiac the Merchant of Misery (DENe)              Turns: 6020, Time: 00:13:19

Health: -1/41      AC:  4    Str:  5    XL:     8   Next: 25%
Magic:  21/22      EV: 13    Int: 21    God:    Kikubaaqudgha [**....]
Gold:   281        SH:  0    Dex: 17    Spells: 3 memorised, 15 levels left

rFire  . . .     SeeInvis .     r - +3 spear
rCold  . . .     Gourm    .     a - +0 robe
rNeg   . . .     Faith    .     (no shield)
rPois  .         Spirit   .     C - +1 hat
rElec  .         Dismiss  .     x - +0 cloak
rCorr  .         Reflect  .     (no gloves)
MR     .....     Harm     .     (no boots)
Stlth  ++........               (no amulet)
                                (no ring)
                                (no ring)

@: drained
A: no striking features
a: Receive Corpses, Renounce Religion


You were on level 6 of the Dungeon.
You worshipped Kikubaaqudgha.
Kikubaaqudgha was pleased with you.
You were near starving.

You visited 1 branch of the dungeon, and saw 6 of its levels.

You collected 281 gold pieces.

Inventory:

Hand Weapons
 r - a +3 spear (weapon)
Armour
 a - a +0 robe (worn)
 x - a +0 cloak (worn)
 C - a +1 hat (worn)
Jewellery
 B - an uncursed amulet of regeneration {unknown}
 J - an uncursed ring of protection from fire {unknown}
Wands
 o - a wand of disintegration (12/24)
 D - a wand of polymorph (14/24)
 F - a wand of enslavement (17/24)
Scrolls
 d - 2 scrolls of remove curse {unknown}
 f - 5 scrolls of identify {unknown}
 i - a scroll of enchant armour {unknown}
 m - a scroll of amnesia {unknown}
 n - 2 scrolls of random uselessness {unknown}
 q - 5 scrolls of teleportation {unknown}
 t - a scroll of fear {unknown}
 u - a scroll of immolation {unknown}
 y - a scroll of magic mapping {unknown}
 E - a scroll of recharging {unknown}
Potions
 e - a potion of flight
 g - a potion of haste {unknown}
 j - 3 potions of degeneration
 l - a potion of ambrosia
 s - 4 potions of curing {unknown}
 v - 2 potions of mutation {unknown}
 w - a potion of might {unknown}
 z - a potion of brilliance {unknown}
 G - a potion of heal wounds {unknown}
 H - a potion of magic {unknown}
 K - a potion of lignification {unknown}
Books
 b - a book of Necromancy

   Spells                             Type                      Level
   a - Pain                           Necromancy                   1
   b - Animate Skeleton               Necromancy                   1
   c - Vampiric Draining              Necromancy                   3
   d - Regeneration                   Charms/Necromancy            3
   e - Animate Dead                   Necromancy                   4
   f - Control Undead                 Necromancy                   4
 A - Kikubaaqudgha's Volume of Sinister Arts
   (Kikubaaqudgha gifted it to you on level 1 of the Dungeon)

   Spells                             Type                      Level
   a - Pain                           Necromancy                   1
   b - Corpse Rot                     Necromancy                   2
   c - Sublimation of Blood           Necromancy                   2
   d - Vampiric Draining              Necromancy                   3
   e - Control Undead                 Necromancy                   4
Comestibles
 c - 3 bread rations
 h - 2 fruits
 k - 3 beef jerkies
 p - a royal jelly
 I - a slice of pizza


   Skills:
 - Level 2.4(2.1) Dodging
 - Level 2.4(2.1) Stealth
 + Level 8.1(7.8) Spellcasting
 * Level 10.7(10.4) Necromancy


You had 15 spell levels left.
You knew the following spells:

 Your Spells              Type           Power        Failure   Level  Hunger
a - Control Undead        Necr           ######....   1%          4    ###....
f - Vampiric Draining     Necr           ######....   1%          3    None
z - Pain                  Necr           ####         1%          1    None


Dungeon Overview and Level Annotations

Branches:
Dungeon (6/15)
 Temple: D:4-7

Altars:
Cheibriados
Kikubaaqudgha
Okawaru
Qazlal
Ru
Vehumet
Xom
Zin
The Shining One

Annotations:
D:4 Amnesiac's ghost, amateur DENe
D:5 Amnesiac's ghost, amateur DENe


Message History

Press: ? - help, Dir - move target cursor, f/p - phantom
Aim: a phantom (almost destroyed)
You miss the phantom.
The phantom is almost destroyed.
The phantom hits you.
* * * LOW HITPOINT WARNING * * *
Attack whom?
Press: ? - help, Dir - move target cursor, f/p - phantom
Aim: a phantom (almost destroyed)
You closely miss the phantom.
The phantom is almost destroyed.
The phantom barely misses you.
Attack whom?
Press: ? - help, Dir - move target cursor, f/p - phantom
Aim: a phantom (almost destroyed)
You barely miss the phantom.
The phantom is almost destroyed.
The phantom hits you!
You die...
Kikubaaqudgha rasps: "You have failed me!
Welcome... death!"

#.##.##.#
#############.##.##.#
...........)..##.##.##
#.######..##.........###
#).##.###.......######
#..##.# ####..#.......
#..##.# #..########
#.W##.######..#
##..##@........#
#.#####...##W#######.#
#......).....# ###.###
#####.##.....# #.....#
##
##..#######.###.######
#..........# #.##....
#.#########.###)......
## #.....##.###
###.####.#


You could see a phantom.

Vanquished Creatures
  An ice beast (D:6)
  3 ogres
  A giant frog (D:3)
  2 scorpions
  3 wights (D:6)
  A howler monkey (D:4)
  A crimson imp (D:5)
  A jelly (D:5)
  A hound (D:5)
  2 orc wizards
  3 worker ants
  4 gnolls (D:6)
  10 adders
  A shadow imp (D:4)
  2 oozes
  3 worms
  5 dart slugs
  3 giant geckos
  13 orcs
  2 bat skeletons (D:4)
  A bat zombie (D:4)
  3 giant cockroaches
  10 goblins
  4 hobgoblins
  2 jackals (D:1)
  9 kobolds
  3 quokkas
  A ball python (D:2)
  3 bats
  5 giant newts
  7 rats
110 creatures vanquished.

Vanquished Creatures (collateral kills)
  A hungry ghost (D:4)
  2 wights (D:6)
  2 vampire bats (D:4)
  A worker ant (D:6)
  2 gnolls (D:6)
  2 bat skeletons (D:4)
  A bat zombie (D:4)
11 creatures vanquished.

Grand Total: 121 creatures vanquished

Notes
Turn   | Place    | Note
-------+----------+-------------------------------------------
     0 | D:1      | Amnesiac the Deep Elf Necromancer began the quest for the Orb.
     0 | D:1      | Reached XP level 1. HP: 10/10 MP: 6/6
    57 | D:2      | Reached skill level 5 in Necromancy
   129 | D:3      | Noticed a scorpion
   151 | D:3      | Reached XP level 2. HP: 9/15 MP: 4/8
   498 | D:3      | Noticed a giant frog
   503 | D:3      | Killed a giant frog
   503 | D:3      | Reached skill level 6 in Necromancy
   503 | D:3      | Reached XP level 3. HP: 1/19 MP: 1/10
   503 | D:3      | Reached XP level 4. HP: 2/24 MP: 1/12
   818 | D:3      | Learned a level 3 spell: Vampiric Draining
   953 | D:4      | Found a sacrificial altar of Ru.
  1184 | D:4      | Found a snail-covered altar of Cheibriados.
  1185 | D:4      | Found a shimmering altar of Xom.
  1202 | D:4      | Found an iron altar of Okawaru.
  1202 | D:4      | Found a glowing golden altar of the Shining One.
  1204 | D:4      | Found a radiant altar of Vehumet.
  1205 | D:4      | Found a glowing silver altar of Zin.
  1213 | D:4      | Reached skill level 5 in Spellcasting
  1213 | D:4      | Reached skill level 7 in Necromancy
  1213 | D:4      | Reached XP level 5. HP: 13/28 MP: 4/14
  1660 | D:4      | Learned a level 4 spell: Control Undead
  1757 | D:4      | Found an ancient bone altar of Kikubaaqudgha.
  1765 | D:4      | Became a worshipper of Kikubaaqudgha
  1963 | D:3      | Reached XP level 6. HP: 29/32 MP: 10/16
  2040 | D:3      | Reached skill level 8 in Necromancy
  2863 | D:1      | Reached * piety under Kikubaaqudgha
  2863 | D:1      | Identified Kikubaaqudgha's Volume of Sinister Arts (Kikubaaqudgha gifted it to you on level 1 of the Dungeon)
  2863 | D:1      | Received a gift from Kikubaaqudgha
  3705 | D:3      | Found a stormy altar of Qazlal.
  3964 | D:4      | Reached XP level 7. HP: 25/36 MP: 9/18
  3989 | D:4      | Noticed Amnesiac's ghost (amateur DENe)
  4024 | D:4      | Reached skill level 9 in Necromancy
  4537 | D:4      | Noticed a hungry ghost
  4569 | D:4      | Killed a hungry ghost
  4580 | D:5      | Entered Level 5 of the Dungeon
  4689 | D:5      | Reached ** piety under Kikubaaqudgha
  4921 | D:5      | Noticed Amnesiac's ghost (amateur DENe)
  4969 | D:6      | Reached skill level 10 in Necromancy
  5188 | D:6      | Reached XP level 8. HP: 23/41 MP: 18/21
  5390 | D:6      | HP: 1/41 [ogre/giant spiked club (26)]
  6020 | D:6      | Slain by a phantom

Vault maps used:
D:1:      eino_arrival_druids_welcome
D:2:      first_bread, grunt_ministairs_10
D:3:      corexii_shack_village, corexii_corridor_pit, kennysheep_crisscross,
          nicolae_qazlal_general_emergency
D:4:      grunt_temple_overflow_open, kennysheep_vampire_church,
          nicolae_overflow_crystal_walls, minivault_27, grunt_ministairs_3
D:5:      grunt_temple_overflow_diamond, serial_shops, kennysheep_mini_moat,
          uniq_pikel

Skill      XL: |  1  2  3  4  5  6  7  8 |
---------------+-------------------------+-----
Necromancy     | 5 6 7 8 10 | 10.7
Spellcasting   | 4 5 6 7 8 |  8.1
Dodging        | |  2.4
Stealth        | |  2.4

Action                   |  1- 3 |  4- 6 |  7- 9 || total
-------------------------+-------+-------+-------++-------
Melee: Unarmed           |       |    33 |       ||    33
       Spear             |       |       |    73 ||    73
 Cast: Pain              |    29 |   122 |    48 ||   199
       Vampiric Draining |       |    10 |    15 ||    25
       Control Undead    |       |     2 |    18 ||    20
  Use: Potion            |       |       |     3 ||     3
 Stab: Sleeping          |       |       |     1 ||     1
  Eat: Chunk             |       |    10 |     9 ||    19
Armor: Robe              |       |    32 |    15 ||    47
Dodge: Dodged            |     3 |    73 |    53 ||   129
